[Event "Turkish Women-ch Arzum 2022"]
[Site "Ayvalik"]
[Date "2022.03.07"]
[Round "4.10"]
[White "Akat, Elifnaz"]
[Black "Akar, Nilay"]
[Result "1-0"]
[ECO "B23"]
[WhiteElo "1673"]
[BlackElo "1516"]
[Annotator "NA RC"]
[PlyCount "39"]
[EventDate "2022.03.04"]
[EventType "swiss"]
[EventCountry "TUR"]
[SourceTitle "playchess.com"]
[Source "ChessBase"]
[SourceQuality "1"]
[TimeControl "5400+30"]

1. e4 c5 2. Nc3 e6 3. g3 d5 4. exd5 exd5 5. Bg2 Nf6 6. d3 h6 7. Nge2 Be7 8. O-O O-O 9. d4 Bg4 10. h3 Be6 11. Be3 c4 12. b3 Qd7 13. g4 g5 14. f4 Bxg4 15. hxg4 Nxg4 16. Nxd5 Bd6 17. fxg5 Qe6 18. Nef4 Bxf4 19. Bxf4 hxg5 20. Qxg4 1-0

[Event "Turkish Women-ch Arzum 2022"]
[Site "Ayvalik"]
[Date "2022.03.07"]
[Round "4.11"]
[White "Tanir, Simay"]
[Black "Gur, Tuba"]
[Result "1/2-1/2"]
[ECO "D35"]
[WhiteElo "1510"]
[BlackElo "1750"]
[Annotator "NA RC"]
[PlyCount "91"]
[EventDate "2022.03.04"]
[EventType "swiss"]
[EventCountry "TUR"]
[SourceTitle "playchess.com"]
[Source "ChessBase"]
[SourceQuality "1"]
[TimeControl "5400+30"]

1. d4 d5 2. c4 e6 3. Nc3 Nf6 4. cxd5 exd5 5. Bg5 c6 6. e3 Bf5 7. Qf3 Bg6 8. Bxf6 Qxf6 9. Qxf6 gxf6 10. h4 h5 11. Nh3 Nd7 12. Nf4 Bd6 13. g3 Nf8 14. Bh3 f5 15. Kd2 Ne6 16. a3 Kd7 17. b4 b5 18. Nd3 a5 19. Ne2 Rhb8 20. Kc3 Ra7 21. Kb2 Rba8 22. Rhc1 Kc7 23. Bg2 axb4 24. axb4 Rxa1 25. Rxa1 Rxa1 26. Kxa1 f4 27. Nexf4 Nxf4 28. Nxf4 Bxb4 29. Bxd5 Be1 30. Nxg6 fxg6 31. Bf7 Bxf2 32. Bxg6 Bxe3 33. Bxh5 Bxd4+ 34. Ka2 Bf2 35. Be2 Bxg3 36. h5 Bf4 37. Kb3 Kd6 38. Kb4 Bd2+ 39. Kb3 Kc5 40. Bf3 Kb6 41. Bg2 c5 42. Bf1 Kc6 43. Bg2+ Kd6 44. Bf1 c4+ 45. Bxc4 bxc4+ 46. Kxc4 1/2-1/2

[Event "Turkish Women-ch Arzum 2022"]
[Site "Ayvalik"]
[Date "2022.03.07"]
[Round "4.12"]
[White "Gulceken, Sumeyye"]
[Black "Bese, Irem"]
[Result "0-1"]
[ECO "D45"]
[WhiteElo "1591"]
[BlackElo "1714"]
[Annotator "NA RC"]
[PlyCount "56"]
[EventDate "2022.03.04"]
[EventType "swiss"]
[EventCountry "TUR"]
[SourceTitle "playchess.com"]
[Source "ChessBase"]
[SourceQuality "1"]
[TimeControl "5400+30"]

1. d4 d5 2. c4 e6 3. Nf3 Nf6 4. Nc3 Bb4 5. e3 Ne4 6. Qc2 c6 7. a3 Bxc3+ 8. bxc3 O-O 9. Bd3 f5 10. O-O Nd7 11. a4 Rf6 12. cxd5 exd5 13. c4 Rh6 14. cxd5 cxd5 15. Qb3 Nf8 16. Ne5 Qh4 17. h3 Ng5 18. Rd1 Be6 19. Kf1 Ng6 20. Qxb7 Re8 21. Bb5 Nxe5 22. dxe5 Ne4 23. Ra2 Rd8 24. Rb2 f4 25. exf4 Bxh3 26. Ke1 Bg4 27. Rxd5 Qh1+ 28. Bf1 Qxf1+ 0-1

[Event "Turkish Women-ch Arzum 2022"]
[Site "Ayvalik"]
[Date "2022.03.07"]
[Round "4.13"]
[White "Keskinler, Ela"]
[Black "Yurdakul, Didem Nuray"]
[Result "1-0"]
[ECO "B22"]
[WhiteElo "1400"]
[BlackElo "1804"]
[Annotator "NA RC"]
[PlyCount "87"]
[EventDate "2022.03.04"]
[EventType "swiss"]
[EventCountry "TUR"]
[SourceTitle "playchess.com"]
[Source "ChessBase"]
[SourceQuality "1"]
[TimeControl "5400+30"]

1. e4 c5 2. c3 d5 3. exd5 Qxd5 4. d4 g6 5. Na3 Bg7 6. Nb5 Na6 $1 7. Be3 cxd4 8. Bxd4 Nf6 9. Bxa7 Qc6 10. Be3 O-O 11. Nf3 Bg4 (11... Ng4 $11) 12. Nbd4 (12. h3 $5 Rfd8 13. Nbd4 Bxf3 14. Qxf3 Qxf3 15. Nxf3 $14) 12... Qc7 13. h3 Bd7 14. Be2 Rfd8 15. Qc1 Nd5 16. O-O Nc5 17. Rd1 Ne4 (17... Be8 $11 {is more appropriate.}) 18. Bd3 (18. Nb5 $16 Bxb5 19. Bxb5) 18... Nef6 19. Nb5 Qc8 20. Ne5 Nxe3 21. Qxe3 Bxb5 22. Bxb5 Rxd1+ $16 23. Rxd1 e6 24. Bc4 Nd5 25. Bxd5 exd5 26. a3 Qe6 27. Ng4 Qc6 28. Qf3 Qb6 29. Rd2 h5 30. Ne3 d4 31. cxd4 Bxd4 32. Nd5 Qc5 33. Qd1 Be5 34. Nb4 Bf6 35. Rc2 Qf5 36. Qd5 Be5 37. Qxb7 Rd8 38. Qf3 Qd7 39. g4 hxg4 40. Qxg4 Qb7 41. Nc6 Qb3 42. Qe2 Re8 43. Nxe5 Rxe5 44. Rc8+ 1-0

[Event "Turkish Women-ch Arzum 2022"]
[Site "Ayvalik"]
[Date "2022.03.07"]
[Round "4.14"]
[White "Zengin, Ovgu"]
[Black "Akin, Duru"]
[Result "1/2-1/2"]
[ECO "B52"]
[WhiteElo "1475"]
[BlackElo "1563"]
[Annotator "NA RC"]
[PlyCount "51"]
[EventDate "2022.03.04"]
[EventType "swiss"]
[EventCountry "TUR"]
[SourceTitle "playchess.com"]
[Source "ChessBase"]
[SourceQuality "1"]
[TimeControl "5400+30"]

1. e4 c5 2. Nf3 d6 3. Bb5+ Bd7 4. Bxd7+ Qxd7 5. c4 Nc6 6. d4 cxd4 7. Nxd4 Nf6 8. Nc3 g6 9. f3 Bg7 10. Be3 O-O 11. O-O Rfc8 12. b3 e6 13. Rc1 d5 14. exd5 exd5 15. Nxc6 bxc6 16. cxd5 cxd5 17. Bd4 Rd8 18. Qd3 Ne8 19. Rfd1 Rac8 20. Bxg7 Kxg7 21. Qd4+ Kg8 22. Rd3 Qb7 23. Rcd1 Nc7 24. Qe5 Re8 25. Qd4 Rcd8 26. Qf2 1/2-1/2

[Event "Turkish Women-ch Arzum 2022"]
[Site "Ayvalik"]
[Date "2022.03.07"]
[Round "4.15"]
[White "Aydogan, Arya"]
[Black "Kayis, Gulcan Sena"]
[Result "0-1"]
[ECO "C11"]
[WhiteElo "1328"]
[BlackElo "1597"]
[Annotator "NA RC"]
[PlyCount "136"]
[EventDate "2022.03.04"]
[EventType "swiss"]
[EventCountry "TUR"]
[SourceTitle "playchess.com"]
[Source "ChessBase"]
[SourceQuality "1"]
[TimeControl "5400+30"]

1. e4 e6 2. d4 d5 3. Nc3 Nf6 4. e5 Nfd7 5. f4 c5 6. Nf3 a6 7. Be3 Qb6 8. a3 Nc6 9. Be2 cxd4 10. Nxd4 Bc5 11. Na4 Qa5+ 12. c3 Bxd4 13. Bxd4 Nxd4 14. Qxd4 O-O 15. O-O Qc7 16. b4 b5 17. Nb2 Bb7 18. a4 Bc6 19. Rf3 f6 20. Re3 Nb6 21. a5 Nd7 22. exf6 Rxf6 23. Nd3 Raf8 24. Bg4 Re8 25. Rae1 Nf8 26. g3 Qc8 27. Nc5 Kf7 28. Bh5+ g6 29. Bg4 Bb7 30. h4 Qc7 31. h5 Bc8 32. hxg6+ hxg6 33. Kg2 Qd8 34. Nd3 Kg8 35. Ne5 Nh7 36. Rh1 Ref8 37. Bd1 g5 38. Bc2 gxf4 39. Bxh7+ Kg7 40. gxf4 Rh8 41. Ng4 e5 42. Rxe5 Bxg4 43. Rg5+ Kf8 44. Rxg4 Qe7 45. Qc5 Rd6 46. Bd3 Rxh1 47. Kxh1 Qe1+ 48. Qg1 Rh6+ 49. Kg2 Qd2+ 50. Kf1 Qxd3+ 51. Kf2 Qd2+ 52. Kf1 Qc1+ 53. Kf2 Qc2+ 54. Kf1 Qb1+ 55. Kf2 Qb2+ 56. Kf1 Qc1+ 57. Kf2 Qc2+ 58. Kf1 Qd3+ 59. Kf2 Qxc3 60. Qg2 Qc2+ 61. Kf1 Qd3+ 62. Kf2 Qd4+ 63. Kf1 Rc6 64. Qe2 Rc1+ 65. Kg2 Qg1+ 66. Kh3 Qh1+ 67. Qh2 Qf3+ 68. Rg3 Qh5+ 0-1

[Event "Turkish Women-ch Arzum 2022"]
[Site "Ayvalik"]
[Date "2022.03.07"]
[Round "4.16"]
[White "Ozer, Melike Busra"]
[Black "Kipik, Feyza"]
[Result "0-1"]
[ECO "B44"]
[WhiteElo "1300"]
[BlackElo "1603"]
[Annotator "NA RC"]
[PlyCount "151"]
[EventDate "2022.03.04"]
[EventType "swiss"]
[EventCountry "TUR"]
[SourceTitle "playchess.com"]
[Source "ChessBase"]
[SourceQuality "1"]
[TimeControl "5400+30"]

1. e4 c5 2. Nf3 e6 3. d4 cxd4 4. Nxd4 Nc6 5. c4 Nf6 6. Nc3 Bb4 7. Nxc6 bxc6 8. Bd3 e5 9. O-O O-O 10. Bg5 h6 11. Bh4 Bc5 12. Kh1 d6 13. a3 a5 14. Ne2 Rb8 15. Rb1 g5 16. Bg3 Be6 17. Qd2 Nh5 18. b4 axb4 19. axb4 Bb6 20. f3 Ra8 21. Ra1 Qf6 22. b5 cxb5 23. cxb5 Nxg3+ 24. Nxg3 Bd4 25. Ra6 Rxa6 26. bxa6 Rb8 27. Qa5 Qe7 28. Rc1 Rc8 29. Rb1 Qa7 30. Ne2 Kg7 31. h3 Bf2 32. Qb4 Qc5 33. Qd2 Be3 34. Qb2 Bc4 35. Bxc4 Qxc4 36. Ng3 Bc5 37. Qb7 Qa2 38. Nf5+ Kh7 39. Rb2 Qa1+ 40. Rb1 Qa2 41. Rd1 Rd8 42. Kh2 Qe6 43. Ra1 Rd7 44. Qb8 Ba7 45. Qf8 Qf6 46. Qc8 Qd8 47. Qc4 Qb6 48. Rd1 Qc5 49. Qe2 Qb6 50. Qa2 Qc7 51. Rb1 Qc6 52. Ng3 Be3 53. Ne2 Ra7 54. Ra1 Qb5 55. Nc3 Qd3 56. Nd5 Bd4 57. Nb4 Qc3 58. Rb1 Qc8 59. Qd5 Qc5 60. Qb3 Bc3 61. Nd3 Qa5 62. Rc1 Bd2 63. Rd1 Be3 64. Nb4 Bf4+ 65. Kh1 Qc5 66. Nd3 Qc6 67. Nxf4 gxf4 68. Ra1 Kg6 69. Qa3 f5 70. exf5+ Kxf5 71. Qd3+ Kf6 72. h4 Qc5 73. h5 Rg7 74. Rd1 Ke6 75. Qb3+ d5 76. Ra1 0-1

[Event "Turkish Women-ch Arzum 2022"]
[Site "Ayvalik"]
[Date "2022.03.07"]
[Round "4.17"]
[White "Alagoz, Zumra Meryem"]
[Black "Engin, Cagla"]
[Result "1/2-1/2"]
[ECO "B09"]
[WhiteElo "1573"]
[BlackElo "1436"]
[Annotator "NA RC"]
[PlyCount "100"]
[EventDate "2022.03.04"]
[EventType "swiss"]
[EventCountry "TUR"]
[SourceTitle "playchess.com"]
[Source "ChessBase"]
[SourceQuality "1"]
[TimeControl "5400+30"]

1. e4 d6 2. d4 g6 3. Nc3 Bg7 4. f4 Nf6 5. Nf3 c5 6. Bb5+ Bd7 7. e5 Ng4 8. e6 Bxb5 9. exf7+ Kf8 10. Nxb5 Qa5+ 11. Nc3 Nc6 12. Bd2 cxd4 13. Ne4 Qd5 14. Nfg5 Nf6 15. Qf3 Nxe4 16. Nxe4 Qe6 17. O-O h6 18. Rae1 Qxf7 19. Qg4 Kg8 20. Qd7 Rb8 21. b4 a6 22. a4 Qd5 23. Rf3 Kh7 24. Rh3 Rhe8 25. b5 axb5 26. axb5 Na7 27. Ng5+ Kg8 28. Nf3 Rbd8 29. Qg4 Qf5 30. Qh4 e6 31. g4 Qxc2 32. Rxe6 Nxb5 33. f5 g5 34. Bxg5 Rxe6 35. fxe6 hxg5 36. Qxg5 Re8 37. Qxb5 Rxe6 38. Qd5 Qd1+ 39. Kf2 Qe2+ 40. Kg3 Kf8 41. Qf5+ Ke8 42. Qh5+ Kd7 43. Qf7+ Re7 44. Qf5+ Kc7 45. Qa5+ b6 46. Qa7+ Kc6 47. Qa8+ Kc7 48. Qa7+ Kc6 49. Qa4+ Kc7 50. Qa7+ Kc6 1/2-1/2

[Event "Turkish Women-ch Arzum 2022"]
[Site "Ayvalik"]
[Date "2022.03.07"]
[Round "4.22"]
[White "Kucuk, Aybike"]
[Black "Engel, Ecrin Tuana"]
[Result "1-0"]
[ECO "A16"]
[WhiteElo "1439"]
[BlackElo "1250"]
[Annotator "NA RC"]
[PlyCount "71"]
[EventDate "2022.03.04"]
[EventType "swiss"]
[EventCountry "TUR"]
[SourceTitle "playchess.com"]
[Source "ChessBase"]
[SourceQuality "1"]
[TimeControl "5400+30"]

1. c4 Nf6 2. Nc3 g6 3. g3 Bg7 4. Bg2 c6 5. e3 O-O 6. Nge2 d6 7. O-O Nbd7 8. d4 Qc7 9. b3 Rb8 10. Bb2 b5 11. cxb5 cxb5 12. Rc1 Qb6 13. Nf4 e6 14. e4 a6 15. Rc2 Bb7 16. Qa1 Rfc8 17. Rfc1 Bh6 18. b4 Qa7 19. Re1 e5 20. dxe5 dxe5 21. Nfd5 Nxd5 22. exd5 Qa8 23. Rce2 Nb6 24. Ne4 Bg7 25. Bxe5 Bxe5 26. Qxe5 Nxd5 27. Nc5 Nxb4 28. Bxb7 Rxb7 29. Nxb7 Nd3 30. Qe7 Nxe1 31. Rxe1 Rc2 32. Qd7 Qa7 33. Qe8+ Kg7 34. Qe5+ Kh6 35. Qf4+ Kg7 36. Re7 1-0

[Event "Turkish Women-ch Arzum 2022"]
[Site "Ayvalik"]
[Date "2022.03.07"]
[Round "4.23"]
[White "Bursali, Ela"]
[Black "Alev, Gonulden Seda"]
[Result "0-1"]
[ECO "B22"]
[WhiteElo "1353"]
[BlackElo "1561"]
[Annotator "NA RC"]
[PlyCount "60"]
[EventDate "2022.03.04"]
[EventType "swiss"]
[EventCountry "TUR"]
[SourceTitle "playchess.com"]
[Source "ChessBase"]
[SourceQuality "1"]
[TimeControl "5400+30"]

1. e4 c5 2. c3 Nf6 3. e5 Nd5 4. d4 cxd4 5. cxd4 e6 6. Nf3 Qc7 7. Bd2 Nc6 8. Bc4 Nxd4 9. Nxd4 Qxc4 10. Nf3 Nb4 11. Bxb4 Bxb4+ 12. Nbd2 b6 13. a3 Qe4+ 14. Kf1 Qd3+ 15. Kg1 Be7 16. Rc1 Ba6 17. Ne1 Qd4 18. Qf3 O-O 19. Qc3 Bc5 20. Qxd4 Bxd4 21. Ndf3 Bxb2 22. Rc7 Bxa3 23. Rxd7 Rfd8 24. Rxd8+ Rxd8 25. h3 Rd1 26. Kh2 Bb2 27. Nc2 Rxh1+ 28. Kxh1 Be2 29. Ncd4 Bxf3 30. Nxf3 a5 0-1

[Event "Turkish Women-ch Arzum 2022"]
[Site "Ayvalik"]
[Date "2022.03.07"]
[Round "4.24"]
[White "Kalyoncu, Beren"]
[Black "Susin, Derya Defne"]
[Result "0-1"]
[ECO "D02"]
[WhiteElo "1228"]
[BlackElo "1285"]
[Annotator "NA RC"]
[PlyCount "143"]
[EventDate "2022.03.04"]
[EventType "swiss"]
[EventCountry "TUR"]
[SourceTitle "playchess.com"]
[Source "ChessBase"]
[SourceQuality "1"]
[TimeControl "5400+30"]

1. d4 Nf6 2. Bf4 d5 3. Nf3 e6 4. e3 Bd6 5. Bg3 O-O 6. Bd3 c5 7. c3 Qc7 8. Nbd2 Nbd7 9. Bxd6 Qxd6 10. O-O e5 11. dxe5 Nxe5 12. Nxe5 Qxe5 13. Nf3 Qc7 14. h3 b6 15. Qc2 Bb7 16. Rfe1 Rad8 17. Rad1 Rfe8 18. Nd2 g6 19. Be2 Ne4 20. Nxe4 dxe4 21. Bc4 Re7 22. Rxd8+ Qxd8 23. Rd1 Rd7 24. Rxd7 Qxd7 25. Bb3 Kg7 26. Qd1 Qxd1+ 27. Bxd1 Ba6 28. Kh2 Kf6 29. Kg3 Ke5 30. Kg4 h6 31. h4 Bf1 32. Kh3 Kd5 33. Bb3+ Bc4 34. Kg3 Bxb3 35. axb3 b5 36. Kf4 a5 37. g4 c4 38. b4 axb4 39. cxb4 c3 40. bxc3 Kc4 41. Kxe4 Kxc3 42. g5 hxg5 43. hxg5 Kxb4 44. Kd3 Kc5 45. f4 b4 46. e4 b3 47. f5 b2 48. Kc2 Kd4 49. fxg6 fxg6 50. Kxb2 Kxe4 51. Kc2 Kf4 52. Kd2 Kxg5 53. Ke3 Kg4 54. Ke2 Kg3 55. Ke1 g5 56. Kf1 Kh2 57. Kf2 g4 58. Ke3 g3 59. Ke4 g2 60. Kd4 g1=Q+ 61. Ke4 Qf2 62. Ke5 Kg3 63. Ke6 Kg4 64. Ke5 Qf7 65. Ke4 Qe6+ 66. Kd4 Kf4 67. Kc5 Ke5 68. Kb4 Qc6 69. Kb3 Kd4 70. Kb4 Qb6+ 71. Ka3 Kc3 72. Ka2 0-1

[Event "Turkish Women-ch Arzum 2022"]
[Site "Ayvalik"]
[Date "2022.03.07"]
[Round "4.25"]
[White "Gedik, Eylul Ceren"]
[Black "Topal, Berfin"]
[Result "1-0"]
[ECO "B01"]
[WhiteElo "1282"]
[BlackElo "1322"]
[Annotator "NA RC"]
[PlyCount "101"]
[EventDate "2022.03.04"]
[EventType "swiss"]
[EventCountry "TUR"]
[SourceTitle "playchess.com"]
[Source "ChessBase"]
[SourceQuality "1"]
[TimeControl "5400+30"]

1. e4 d5 2. exd5 Qxd5 3. Nc3 Qd8 4. d4 Nf6 5. Nf3 Bg4 6. h3 Bxf3 7. Qxf3 c6 8. Be3 e6 9. O-O-O Nbd7 10. g4 Nb6 11. g5 Nfd5 12. Nxd5 Qxd5 13. Qxd5 Nxd5 14. c4 Nb4 15. a3 Na6 16. b4 Nc7 17. Kb2 O-O-O 18. Bg2 Be7 19. Kb3 Rd7 20. Rd2 Rhd8 21. Rhd1 a6 22. f4 Ne8 23. d5 exd5 24. cxd5 cxd5 25. Bb6 Nc7 26. h4 Re8 27. Bh3 Ne6 28. f5 Nf4 29. Bg4 f6 30. Rf1 Bd6 31. Bd4 Rf8 32. Be3 Re8 33. Bxf4 Bxf4 34. Rxf4 Re3+ 35. Kb2 Kc7 36. Rfd4 Kc6 37. Re2 Re5 38. Rxe5 fxe5 39. Rd3 Rf7 40. h5 d4 41. Bf3+ Kb5 42. Be4 Kc4 43. Rd2 Rd7 44. Rc2+ Kb5 45. Rc5+ Kb6 46. Rxe5 d3 47. Rd5 Rxd5 48. Bxd5 Kc7 49. Kc3 Kd6 50. Bxb7 Ke5 51. Bxa6 1-0

[Event "Turkish Women-ch Arzum 2022"]
[Site "Ayvalik"]
[Date "2022.03.07"]
[Round "4.27"]
[White "Sahin, Cagla Yudum"]
[Black "Senkal, Defne"]
[Result "1-0"]
[ECO "B23"]
[WhiteElo "1162"]
[BlackElo "1247"]
[Annotator "NA RC"]
[PlyCount "111"]
[EventDate "2022.03.04"]
[EventType "swiss"]
[EventCountry "TUR"]
[SourceTitle "playchess.com"]
[Source "ChessBase"]
[SourceQuality "1"]
[TimeControl "5400+30"]

1. e4 c5 2. Nc3 e6 3. f4 g6 4. Nf3 Bg7 5. Bc4 Ne7 6. d3 a6 7. e5 b5 8. Bb3 Bb7 9. a4 Qb6 10. Be3 Nf5 11. Bf2 d5 12. exd6 Nxd6 13. d4 c4 14. a5 Qc7 15. Ba2 O-O 16. O-O Nf5 17. Nh4 Nxh4 18. Bxh4 Qd6 19. Ne2 Nc6 20. c3 Ne7 21. Bb1 Qd5 22. Rf2 Nf5 23. Bxf5 Qxf5 24. Qd2 Qh5 25. Be7 Rfe8 26. Bc5 Rad8 27. Qe3 Qf5 28. Ng3 Qd5 29. Re1 Qd7 30. Ne4 Bxe4 31. Qxe4 Qd5 32. Qxd5 exd5 33. Rfe2 Rxe2 34. Rxe2 Bh6 35. g3 Bf8 36. Bb6 Rc8 37. Re5 b4 38. Rxd5 b3 39. Bc5 Bxc5 40. Rxc5 Rxc5 41. dxc5 Kf8 42. Kf2 Ke7 43. Ke3 Kd7 44. Kd4 Kc7 45. Kxc4 Kc6 46. h4 h6 47. g4 f6 48. g5 fxg5 49. fxg5 hxg5 50. hxg5 Kd7 51. Kd5 Kc7 52. c6 Kd8 53. Kd6 Kc8 54. c7 Kb7 55. Kd7 Ka7 56. Kd8 1-0

[Event "Turkish Women-ch Arzum 2022"]
[Site "Ayvalik"]
[Date "2022.03.07"]
[Round "4.29"]
[White "Guleryuz, Zeynep"]
[Black "Sezer, Ipek"]
[Result "1-0"]
[ECO "B20"]
[WhiteElo "1186"]
[BlackElo "1329"]
[Annotator "NA RC"]
[PlyCount "61"]
[EventDate "2022.03.04"]
[EventType "swiss"]
[EventCountry "TUR"]
[SourceTitle "playchess.com"]
[Source "ChessBase"]
[SourceQuality "1"]
[TimeControl "5400+30"]

1. e4 c5 2. b3 Nc6 3. Bb2 Nf6 4. e5 Nd5 5. Bc4 Nb6 6. Na3 e6 7. Nf3 a6 8. Be2 g6 9. Nc4 Nxc4 10. Bxc4 Bg7 11. Qe2 d5 12. Bd3 Qc7 13. O-O O-O 14. Rfe1 b5 15. c4 bxc4 16. bxc4 d4 17. Be4 Rb8 18. Rab1 Nxe5 19. Ba3 Nxf3+ 20. Bxf3 Bd7 21. Qd3 Qa5 22. g4 Bh6 23. Rxb8 Rxb8 24. Re5 Bxd2 25. Re2 Bc3 26. Bc1 Ba1 27. Bh6 Qc3 28. Qe4 Qxc4 29. Qe5 Rb1+ 30. Re1 d3 31. Qd6 1-0

[Event "Turkish Women-ch Arzum 2022"]
[Site "Ayvalik"]
[Date "2022.03.07"]
[Round "4.33"]
[White "Bodur, Ilke Lal"]
[Black "Yalcin, Fahriye Zeynep"]
[Result "1-0"]
[ECO "C44"]
[WhiteElo "1151"]
[BlackElo "1260"]
[Annotator "NA RC"]
[PlyCount "67"]
[EventDate "2022.03.04"]
[EventType "swiss"]
[EventCountry "TUR"]
[SourceTitle "playchess.com"]
[Source "ChessBase"]
[SourceQuality "1"]
[TimeControl "5400+30"]

1. e4 e5 2. Nf3 Nc6 3. d4 exd4 4. Bc4 Bb4+ 5. c3 dxc3 6. bxc3 Ba5 7. O-O Nge7 8. Ng5 d5 9. exd5 Ne5 10. Bb3 N7g6 11. f4 Bb6+ 12. Kh1 Ng4 13. Ba3 Nxf4 14. Qe1+ Ne3 15. Rxf4 Qxg5 16. Re4+ Kd7 17. Ba4+ c6 18. dxc6+ bxc6 19. Re7+ Kd8 20. Qd2+ Qd5 21. Qxd5+ cxd5 22. Rxf7 Nf5 23. Bc6 Rb8 24. Bc1 Ne3 25. Na3 Be6 26. Rf3 Ng4 27. Bg5+ Kc7 28. Re1 Nf2+ 29. Rxf2 Bxf2 30. Rxe6 Rb6 31. Nb5+ Kc8 32. Nxa7+ Kb8 33. Nb5 Rc8 34. Bf4+ 1-0

[Event "Turkish Women-ch Arzum 2022"]
[Site "Ayvalik"]
[Date "2022.03.08"]
[Round "5.4"]
[White "Ince, Safiye Oyku"]
[Black "Buyuk, Ecrin Efsa"]
[Result "1-0"]
[ECO "B11"]
[WhiteElo "1893"]
[BlackElo "1565"]
[Annotator "NA RC"]
[PlyCount "211"]
[EventDate "2022.03.04"]
[EventType "swiss"]
[EventCountry "TUR"]
[SourceTitle "playchess.com"]
[Source "ChessBase"]
[SourceQuality "1"]
[TimeControl "5400+30"]

1. e4 c6 2. Nc3 d5 3. Nf3 d4 4. Ne2 c5 5. c3 dxc3 6. Nxc3 Nc6 7. Bb5 Bd7 8. Bxc6 bxc6 ({Black should try} 8... Bxc6 9. O-O Nf6) 9. d4 cxd4 10. Qxd4 Qb6 11. Be3 Qxd4 12. Bxd4 f6 13. e5 f5 14. Bc5 g6 15. Rd1 Bg7 16. O-O h6 17. Rd2 f4 18. Re1 h5 19. e6 Bc8 20. Ng5 Nh6 21. Red1 Ba6 22. Rd7 Nf5 23. Rc7 (23. Nce4 $18) 23... Be5 24. Rxa7 ({Don't do} 24. Rxc6 Bb7 25. Nf7 Bxc6 $11) 24... O-O 25. Rxa8 (25. a4 $16) 25... Rxa8 26. Re1 Bf6 27. Nge4 Bg7 28. b3 Bc8 29. Ne2 Bxe6 30. Nxf4 Bf7 31. a3 e5 32. Nd3 Bxb3 33. Nd2 Bc2 ({Better is} 33... Rd8 $11 34. Nxb3 Rxd3) 34. Nxe5 Ra5 (34... Rd8 $14 35. Ndf3 Rd5) 35. Nd7 Bc3 {[%emt 0:00:41] [#]} (35... Bd4 $14 36. Bxd4 Nxd4) 36. Rc1 $1 Bxd2 37. Rxc2 Rb5 38. Kf1 Rb1+ 39. Ke2 Bf4 40. g3 Bc7 41. h4 Ba5 (41... Kf7 $142 42. Ra2 Rc1) 42. Kf3 Bc7 43. Kg2 Rd1 44. Nf6+ Kf7 45. Ne4 Rd3 46. a4 Ke6 {[%emt 0:00:32] [#]} 47. Nc3 (47. Ba7 $1 $18 {and White stays clearly on top.} Kd5 48. f3) 47... Nd4 48. Bxd4 Rxd4 49. Ne2 Rd6 50. Nf4+ Kf7 51. Rb2 (51. Rc3 $142) 51... Ba5 52. Rb7+ Kf6 53. Ra7 Be1 54. Kf1 (54. Ra8 $18 {has better winning chances.}) 54... Bd2 55. a5 (55. Ne2 $16) 55... c5 {[%emt 0:00:16] [#]} (55... Bxf4 $11 {remains equal.} 56. gxf4 Kf5) 56. Rc7 (56. Ne2 $1 $16) 56... Bb4 (56... Bxf4 $11 57. gxf4 Rd4) 57. Ke2 Bxa5 58. Rxc5 Bb6 59. Nd5+ Kf7 60. Rb5 Bd8 61. Rb7+ Ke6 62. Nf4+ Kf5 63. Rb5+ Kf6 64. Rg5 Kf7 65. Re5 Bf6 66. Rb5 Ba1 67. f3 Bg7 68. Rb7+ Kf6 69. g4 hxg4 70. fxg4 Bf8 $2 (70... Bh6 $14) 71. g5+ Ke5 72. Rf7 Be7 73. Nxg6+ Rxg6 74. Rxe7+ Kf4 75. Kf2 (75. Rf7+ $142 Kg4 76. Rf6) 75... Ra6 76. Re2 $4 (76. Ke2 Kf5 77. Rh7) 76... Rb6 $4 {[%emt 0:00:40] [#]} (76... Kg4 77. Re4+ Kh5) 77. Kg2 (77. Re8 $1 $18) 77... Kg4 78. Re4+ Kf5 $2 (78... Kh5 $16 {is a better defense.} 79. Kf3 Rb3+ 80. Kg2 Rd3) 79. Kf3 Rb3+ 80. Re3 Rb1 81. Kg2 (81. Ra3 $18) 81... Kg4 $16 82. Re4+ Kf5 83. Rc4 Rb3 84. Kf2 Rh3 85. Ke2 Ra3 86. Kd2 Rh3 87. Rc5+ Kg6 88. Rc6+ Kf5 89. Rf6+ Ke5 90. Rh6 Kf5 91. g6 Kf6 92. h5 Kg7 93. Rh7+ Kg8 94. Ke2 Ra3 95. Kf2 Rc3 96. Kg2 Ra3 97. Kh2 Rb3 98. h6 Ra3 99. Rd7 Ra2+ 100. Kg3 Ra3+ 101. Kg4 Ra4+ 102. Kf5 Ra5+ 103. Ke6 Ra6+ 104. Rd6 Ra8 105. Kf6 Rf8+ 106. Ke7 1-0

[Event "Turkish Women-ch Arzum 2022"]
[Site "Ayvalik"]
[Date "2022.03.08"]
[Round "5.7"]
[White "Kayis, Gulcan Sena"]
[Black "Akat, Elifnaz"]
[Result "0-1"]
[ECO "B21"]
[WhiteElo "1597"]
[BlackElo "1673"]
[Annotator "NA"]
[PlyCount "80"]
[EventDate "2022.03.04"]
[EventType "swiss"]
[EventCountry "TUR"]
[SourceTitle "playchess.com"]
[Source "ChessBase"]
[SourceQuality "1"]
[TimeControl "5400+30"]

1. e4 c5 2. d4 cxd4 3. c3 dxc3 4. Nxc3 Nc6 5. Nf3 e6 6. Bc4 a6 7. O-O b5 8. Bb3 Bb7 9. Qe2 Nge7 10. Rd1 Ng6 11. Ng5 Be7 12. Qh5 Bxg5 13. Bxg5 Nce7 14. Rd6 h6 15. Be3 Nc8 16. Rd2 Qh4 17. Qc5 d6 18. Qc7 Qe7 19. Qa5 Ne5 20. Ne2 Bxe4 21. Qb4 Bb7 22. Bf4 Nc6 23. Qc3 e5 24. Bd5 N8a7 25. Ng3 b4 26. Qf3 O-O 27. Nf5 Qf6 28. Nxd6 exf4 29. Nxb7 Nd4 30. Qe4 Nab5 31. Rad1 Rae8 32. Qd3 Rc8 33. Bc4 f3 34. g3 Ne2+ 35. Kf1 Nbd4 36. Na5 Rfd8 37. Nb3 Qg5 38. Nxd4 Rxd4 39. Bxf7+ Kh8 40. Qe3 Rxd2 0-1

[Event "Turkish Women-ch Arzum 2022"]
[Site "Ayvalik"]
[Date "2022.03.08"]
[Round "5.8"]
[White "Bese, Irem"]
[Black "Acar, Ilayda"]
[Result "1-0"]
[ECO "A18"]
[WhiteElo "1714"]
[BlackElo "1460"]
[Annotator "NA"]
[PlyCount "109"]
[EventDate "2022.03.04"]
[EventType "swiss"]
[EventCountry "TUR"]
[SourceTitle "playchess.com"]
[Source "ChessBase"]
[SourceQuality "1"]
[TimeControl "5400+30"]

1. c4 Nf6 2. Nc3 e6 3. e4 d6 4. d4 c5 5. dxc5 dxc5 6. Qxd8+ Kxd8 7. Bg5 Be7 8. O-O-O+ Bd7 9. Bxf6 gxf6 10. f4 Nc6 11. Nf3 a6 12. g3 Kc7 13. Bg2 Rad8 14. Rhe1 Na5 15. Bf1 Bc6 16. f5 Rxd1+ 17. Kxd1 exf5 18. Nd5+ Bxd5 19. exd5 Bd6 20. Nh4 f4 21. gxf4 Bxf4 22. Re7+ Kd8 23. Rxf7 Be5 24. Nf5 Ke8 25. Rg7 Bxh2 26. b3 h5 27. Bh3 Bb8 28. Re7+ Kd8 29. Rf7 Be5 30. Ng7 f5 31. Ne6+ Ke8 32. Rxf5 Bd6 33. Ng7+ Ke7 34. Rf3 Be5 35. Nf5+ Kd8 36. Re3 Re8 37. Nh6 Re7 38. Rxe5 Rxe5 39. Nf7+ Ke7 40. Nxe5 Kd6 41. Nf7+ Ke7 42. Ng5 b5 43. cxb5 axb5 44. Bc8 Kd6 45. Be6 Nb7 46. Nf7+ Ke7 47. Kc2 Na5 48. Ne5 Kd6 49. Nf3 Ke7 50. Nd2 Nb7 51. Ne4 h4 52. Bh3 Kd8 53. d6 Nxd6 54. Nxd6 b4 55. Ne4 1-0